 Dungeon Crawl Stone Soup version bcrawl-1.21.2-1-g32d02e0829 (webtiles) character file.

Game seed: 741435272588407976

94 Mrkan the Skirmisher (level 4, -9/41 HPs)
             Began as a Hill Orc Fighter on Feb 19, 2020.
             Was an Initiate of Qazlal.
             Mangled by an ice beast (10 damage)
             ... on level 3 of the Dungeon.
             The game lasted 00:04:53 (1750 turns).

Mrkan the Skirmisher (Hill Orc Fighter)             Turns: 1750, Time: 00:04:53

Health: -9/41      AC: 11    Str: 19    XL:     4   Next: 63%
Magic:  4/4        EV:  5    Int:  8    God:    Qazlal [......]
Gold:   226        SH:  9    Dex: 10    Spells: 3/3 levels left

rFire    . . .     SeeInvis .   a - +0 trident
rCold    . . .     Gourm    .   c - +0 shield
rNeg     . . .     Faith    .   p - +0 chain mail
rPois    .         Spirit   .   l - +0 helmet
rElec    .         Reflect  .   (no cloak)
rCorr    .         Harm     .   (no gloves)
MR       .....                  m - +0 pair of boots
Stlth    ..........             (no amulet)
HPRegen  0.13/turn              (no ring)
MPRegen  0.09/turn              (no ring)

@: no status effects
A: no striking features
a: Renounce Religion


You were on level 3 of the Dungeon.
You worshipped Qazlal.
Qazlal was noncommittal.
You were not hungry.

You visited 1 branch of the dungeon, and saw 3 of its levels.

You collected 226 gold pieces.

Inventory:

Hand Weapons
 a - a +0 trident (weapon)
Armour
 c - a +0 shield (worn)
 l - a +0 helmet (worn)
 m - a +0 pair of boots (worn)
 p - a +0 chain mail (worn)
Scrolls
 f - 2 scrolls of enchant armour {unknown}
 g - 6 scrolls of remove curse {unknown}
 h - 4 scrolls of identify {unknown}
 i - a scroll of enchant weapon {unknown}
 o - a scroll of teleportation {unknown}
 q - a scroll of immolation {unknown}
Potions
 d - a potion of might
 j - a potion of curing {unknown}
 k - a potion of haste {unknown}
 n - a potion of berserk rage {unknown}
Comestibles
 e - 7 rations {!d}


   Skills:
 * Level 4.8 Fighting
   Level 4.8 Short Blades
   Level 4.8 Long Blades
   Level 4.8 Axes
   Level 4.8 Maces & Flails
   Level 4.8 Polearms
   Level 4.8 Staves
 + Level 4.0 Armour
 + Level 4.0 Shields
   Level 4.8 Unarmed Combat


You had 3 spell levels left.
You didn't know any spells.
Your spell library was empty.

Dungeon Overview and Level Annotations

Branches:
Dungeon (3/12)

Altars:
Elyvilon
Lugonu
Makhleb
Qazlal
Sif Muna


Message History

The ice beast hits you but does no damage. x2
You hit the ice beast but do no damage.
The ice beast is lightly wounded.
You block the ice beast's attack.
You closely miss the ice beast.
The ice beast is lightly wounded.
The ice beast hits you. The ice beast freezes you!
* * * LOW HITPOINT WARNING * * *
You hit the ice beast.
The ice beast is moderately wounded.
You block the ice beast's attack.
Your shield and chain mail prevent you from hitting the ice beast.
The ice beast is moderately wounded.
The ice beast hits you but does no damage.
Your chain mail prevents you from hitting the ice beast.
The ice beast is moderately wounded.
The ice beast hits you.
* * * LOW HITPOINT WARNING * * *
The ice beast freezes you!
You die...

#...###.#.......##.#.....#
#...# #.##.........#.#####
#...# #.####....####.#
#...# #.#####........# #
##.## #........####### .##
#.# ########.# ###...# #.#
#.# ##....... #.#
#.###........ #). #..@Y!#
..# #####...# #.# #####
#..


You could see an ice beast.

Vanquished Creatures
  A crimson imp (D:3)
  2 adders (D:3)
  2 dart slugs
  3 leopard geckos
  3 orcs
  A ball python (D:2)
  A giant cockroach (D:3)
  2 hobgoblins
  5 jackals (D:2)
  2 bats (D:1)
  3 frilled lizards
  2 goblins (D:1)
  4 kobolds
  5 rats
36 creatures vanquished.

Notes
Turn   | Place    | Note
-------+----------+-------------------------------------------
     0 | D:1      | Mrkan the Hill Orc Fighter began the quest for the Orb.
     0 | D:1      | Reached XP level 1. HP: 20/20 MP: 1/1
   332 | D:1      | Reached XP level 2. HP: 25/27 MP: 2/2
   834 | D:2      | Reached XP level 3. HP: 20/34 MP: 3/3
  1060 | D:2      | Found a stormy altar of Qazlal.
  1090 | D:2      | Became a worshipper of Qazlal Stormbringer
  1302 | D:2      | Found a shimmering blue altar of Sif Muna.
  1444 | D:3      | Reached XP level 4. HP: 41/41 MP: 4/4
  1674 | D:3      | Found a corrupted altar of Lugonu.
  1677 | D:3      | Found a burning altar of Makhleb.
  1685 | D:3      | Found a white marble altar of Elyvilon.
  1726 | D:3      | Noticed an ice beast
  1750 | D:3      | HP: 1/41 [ice beast (2)]
  1750 | D:3      | Mangled by an ice beast

Skill      XL: |  1  2  3  4 |
---------------+-------------+-----
Armour         | 4 |  4.0
Shields        | 4 |  4.0
Fighting       | |  4.8
Short Blades   | |  4.8
Long Blades    | |  4.8
Axes           | |  4.8
Maces & Flails | |  4.8
Polearms       | |  4.8
Staves         | |  4.8
Unarmed Combat | |  4.8

Action                   |  1- 3 |  4- 6 || total
-------------------------+-------+-------++-------
Melee: Trident           |    90 |    60 ||   150
  Eat: Chunk             |     1 |     2 ||     3
Armor: Scale mail        |    46 |    18 ||    64
       Chain mail        |       |    13 ||    13
Dodge: Dodged            |    38 |    14 ||    52
Block: Shield            |    57 |    20 ||    77
